 Dungeon Crawl Stone Soup version 0.31-a0-229-g1fc7ce93e2 (webtiles) character file.

Game seed: 1646711748826457771

371 qw the Shooter (level 6, -6/52 HPs)
             Began as a Minotaur Hexslinger on July 6, 2023.
             Mangled by Duvessa
             ... wielding a +0 rapier
              (20 damage)
             ... on level 4 of the Dungeon.
             The game lasted 00:01:03 (2922 turns).

qw the Shooter (Minotaur Hexslinger)                Turns: 2922, Time: 00:01:04

Health: -6/52      AC:  5    Str: 12    XL:     6   Next: 42%
Magic:  0/6        EV: 11    Int: 13    God:
Gold:   110        SH:  0    Dex: 19    Spells: 6/7 levels left

rFire   . . .        Y - +0 orcbow (freeze)
rCold   . . .        (shield currently unavailable)
rNeg    + . .        h - +0 ring mail
rPois   .            (helmet restricted)
rElec   .            (no cloak)
rCorr   +            (no gloves)
SInv    .            (no boots)
Will    .....        c - amulet "Fuanal" {Spirit rCorr Int+3 Dex+4}
Stlth   +            i - ring of positive energy
HPRegen 0.28/turn    (no ring)
MPRegen 0.10/turn

%: guardian spirit
@: no status effects
A: horns 2, retaliatory headbutt
a: no special abilities


You were on level 4 of the Dungeon.
You visited 1 branch of the dungeon, and saw 4 of its levels.

You collected 110 gold pieces.


Innate Abilities, Weirdness & Mutations

You have a pair of horns on your head.
You reflexively headbutt those who attack you in melee.


   Skills:
 - Level 4.2 Fighting
 + Level 6.4 Ranged Weapons
 - Level 1.0 Armour
 - Level 2.1 Dodging
 - Level 1.0 Spellcasting
 - Level 2.0 Hexes


You had 6 spell levels left.
You knew the following spells:

 Your Spells              Type           Power      Damage    Failure   Level
a - Slow                  Hex            20%        N/A       28%         1

Your spell library contained the following spells:

 Spells                   Type           Power      Damage    Failure   Level
 Inner Flame              Hex/Fire       3%         N/A       77%         3
 Portal Projectile        Hex/Tloc       6%         N/A       77%         3
 Cause Fear               Hex            2%         N/A       95%         4

Inventory:

Hand Weapons
 Y - a +0 orcbow of freezing (weapon)
Armour
 h - a +0 ring mail (worn)
 l - a +0 pair of gloves
Jewellery
 c - the amulet "Fuanal" (around neck) {Spirit rCorr Int+3 Dex+4}
   (You acquired it on level 2 of the Dungeon)

   [amulet of guardian spirit]

   It causes incoming damage to be divided between your reserves of health and
   magic.
   Int:       It affects your intelligence (+3).
   Dex:       It affects your dexterity (+4).
   rCorr:     It protects you from acid and corrosion.
 i - a ring of positive energy (left hand)
 k - a ring of flight
Wands
 e - a wand of digging (4)
Scrolls
 a - a scroll of identify
 m - a scroll of fog {unknown}
Potions
 b - a potion of degeneration {unknown}
 d - 3 potions of heal wounds
 f - a potion of lignification {unknown}
 g - a potion of might
 j - a potion of curing {unknown}
 n - 2 potions of enlightenment {unknown}

Dungeon Overview and Level Annotations

Branches:
Dungeon (4/15)             Temple (0/1) D:4

Altars:
Cheibriados
Dithmenos
Ru
Sif Muna
Trog
Xom
Zin

Annotations:
D:1 1 transporter
D:4 Duvessa


Message History

Duvessa is heavily wounded.
Duvessa says, "When magic and the sword combine, nothing stands against them."
Duvessa barely misses you. Duvessa hits you with a +0 rapier!
You shoot an arrow. The arrow closely misses Duvessa.
Duvessa hits you with a +0 rapier! x2
Dowan gestures at you while chanting. You resist with some effort.
You shoot an arrow. The arrow hits Duvessa.
The arrow freezes Duvessa.
Duvessa is severely wounded.
Duvessa hits you with a +0 rapier. Duvessa barely misses you.
You shoot an arrow. The arrow barely misses Duvessa.
Duvessa hits you with a +0 rapier. x2
You shoot an arrow.
The arrow hits Duvessa but does no damage.
Duvessa is severely wounded.
Duvessa hits you with a +0 rapier. Dowan completely misses you.
You furiously retaliate!
You headbutt Dowan! Duvessa barely misses you.
2918 ||| DRINKING 5 potions of heal wounds.
You feel much better.
Duvessa gestures with her weapon.
Duvessa hits you but does no damage. Dowan casts a spell at you.
The puff of flame hits you. Duvessa hits you with a +0 rapier!
You shoot an arrow. The arrow barely misses Dowan.
Dowan casts a spell.
Dowan blinks!
Duvessa hits you with a +0 rapier.
Dowan points at you and mumbles some strange words.
The puff of frost misses you. Duvessa hits you with a +0 rapier!
2920 ||| DRINKING 4 potions of heal wounds.
You feel much better. Duvessa hits you with a +0 rapier.
You shoot an arrow. The arrow hits Dowan.
The arrow freezes Dowan.
You kill Dowan!
Duvessa weeps, and shakes her weapon.
Duvessa goes berserk!
Duvessa hits you with a +0 rapier! Duvessa hits you with a +0 rapier.
You shoot an arrow. The arrow hits Duvessa!
The arrow freezes Duvessa.
Duvessa is almost dead.
Duvessa hits you with a +0 rapier!!
You die...

##...# ##.+ .....####.?#
...........######
##..##..........#
..#..#....<.....#
}.#..........#.###
..#..........#...# #
##...........###.## ##
.............. #@e# #.
##.#%............)......
..
#.#.........##.........
##
##...........###...#....
..##..)...... ##.......
...#### ............
#...... .......
..######..## ...[..
..##### ...#####..#
...... ....#
..........## .... .....


You could see Duvessa (berserk, fast).

Vanquished Creatures
  A phantom (D:4)
  Dowan (D:4)
  A hound (D:3)
  2 orc priests
  Terence (D:2)
  An orc wizard (D:3)
  A gnoll (D:3)
  An adder (D:2)
  A white imp (D:3)
  4 worms
  11 orcs
  7 bats
  3 endoplasms
  2 giant cockroaches
  8 hobgoblins
  2 jackals (D:1)
  4 kobolds
  2 quokkas
  5 ball pythons
  A frilled lizard (D:3)
  6 goblins
  4 rats
69 creatures vanquished.

Notes
Turn   | Place    | Note
-------+----------+-------------------------------------------
     0 | D:1      | qw the Minotaur Hexslinger began the quest for the Orb.
     0 | D:1      | Reached XP level 1. HP: 16/16 MP: 1/1
     0 | D:1      | 0 ||| qw: Version: 0.3-a-46-gb1f654a
     0 | D:1      | 0 ||| qw: Game counter: 1607
     0 | D:1      | 0 ||| qw: Melee chars always use a shield: true
     0 | D:1      | 0 ||| qw: God list: Okawaru
     0 | D:1      | 0 ||| qw: Allow faded altars: false
     0 | D:1      | 0 ||| qw: Do Orc after clearing Dungeon:15 true
     0 | D:1      | 0 ||| qw: Do second Lair branch before Depths: true
     0 | D:1      | 0 ||| qw: Lair rune preference: random
     0 | D:1      | 0 ||| qw: Goals: Normal
     0 | D:1      | 0 ||| PLANNING D:1-11
   310 | D:1      | Reached skill level 3 in Ranged Weapons
   310 | D:1      | Reached XP level 2. HP: 15/23 MP: 2/2
   588 | D:1      | You fall into a shaft and drop 1 floor!
   592 | D:2      | Found a shimmering altar of Xom.
   602 | D:2      | 602 ||| UPGRADING to +0 leather armour.
   612 | D:2      | 612 ||| DROPPING +0 robe.
   613 | D:2      | 613 ||| UPGRADING to +0 ring mail.
   623 | D:2      | 623 ||| DROPPING +0 leather armour.
   624 | D:2      | 624 ||| READING 3 scrolls labelled BOETSEOS JUIL.
   625 | D:2      | 625 ||| READING 2 scrolls labelled PYBIGISIHA.
   625 | D:2      | Identified 2 scrolls of acquirement
   625 | D:2      | 625 ||| ACQUIRING +0 orcbow of freezing
   625 | D:2      | Acquired a +0 orcbow of freezing
   626 | D:2      | 626 ||| READING scroll of acquirement.
   626 | D:2      | 626 ||| ACQUIRING amulet "Fuanal" {Spirit rCorr Int+3
                  | Dex+4}
   626 | D:2      | Acquired the amulet "Fuanal" {Spirit rCorr Int+3 Dex+4}
   627 | D:2      | 627 ||| READING 2 scrolls of identify.
   627 | D:2      | 627 ||| IDENTIFYING metallic yellow potion
   628 | D:2      | 628 ||| DROPPING scroll of poison.
   630 | D:2      | 630 ||| FLEEEEING.
   631 | D:2      | 631 ||| FLEEEEING.
   632 | D:2      | 632 ||| FLEEEEING.
   633 | D:2      | 633 ||| FLEEEEING.
   636 | D:2      | 636 ||| STAIRDANCE
  1048 | D:2      | 1048 ||| SWAPPING to +0 orcbow of freezing.
  1049 | D:2      | 1049 ||| DROPPING +1 sling.
  1098 | D:2      | Noticed Terence
  1103 | D:2      | Killed Terence
  1104 | D:2      | Reached skill level 4 in Ranged Weapons
  1104 | D:2      | Reached XP level 3. HP: 26/29 MP: 3/3
  1176 | D:2      | 1176 ||| UPGRADING to amulet "Fuanal" {Spirit rCorr Int+3
                  | Dex+4}.
  1185 | D:2      | 1185 ||| STAIRDANCE
  1187 | D:1      | 1187 ||| READING scroll labelled JUOCEE KE LASCH.
  1359 | D:2      | Reached skill level 1 in Armour
  1415 | D:2      | Reached XP level 4. HP: 36/36 MP: 4/4
  1560 | D:3      | Reached skill level 5 in Ranged Weapons
  1662 | D:3      | Found a glowing silver altar of Zin.
  1817 | D:3      | Reached XP level 5. HP: 44/44 MP: 5/5
  1856 | D:3      | Reached skill level 3 in Fighting
  1988 | D:3      | Found a shadowy altar of Dithmenos.
  2080 | D:3      | Found a bloodstained altar of Trog.
  2091 | D:3      | Found a shimmering blue altar of Sif Muna.
  2284 | D:3      | Found a snail-covered altar of Cheibriados.
  2479 | D:3      | 2479 ||| UPGRADING to ring of positive energy.
  2480 | D:3      | 2480 ||| READING scroll labelled QUHAEGHIKHLU.
  2481 | D:3      | 2481 ||| DRINKING 2 sedimented golden potions.
  2565 | D:4      | 2565 ||| PLANNING SEWER
  2592 | D:4      | 2592 ||| FLEEEEING.
  2596 | D:4      | 2596 ||| STAIRDANCE
  2652 | D:4      | 2652 ||| STAIRDANCE
  2656 | D:3      | Reached skill level 6 in Ranged Weapons
  2720 | D:4      | Found a sacrificial altar of Ru.
  2761 | D:4      | Found a staircase to the Ecumenical Temple.
  2777 | D:4      | 2777 ||| Stepping ~*~*~tactically~*~*~ (water).
  2803 | D:4      | Noticed a phantom
  2820 | D:4      | Killed a phantom
  2821 | D:4      | Reached XP level 6. HP: 37/52 MP: 3/6
  2906 | D:4      | Noticed Dowan
  2906 | D:4      | Noticed Duvessa
  2917 | D:4      | HP: 13/52 [Duvessa/+0 rapier (4)]
  2918 | D:4      | 2918 ||| DRINKING 5 potions of heal wounds.
  2919 | D:4      | HP: 5/52 [Duvessa/+0 rapier (12)]
  2920 | D:4      | 2920 ||| DRINKING 4 potions of heal wounds.
  2921 | D:4      | Killed Dowan
  2922 | D:4      | Mangled by Duvessa

Levels and vault maps discovered:
D:1:      spicycebolla_arrival_risky_transporter, layout_basic,
          minmay_hedge_maze, hex_medium
D:2:      layout_rooms, basic_altar, uniq_terence
D:3:      layout_basic, nzn_overflow_gifts_of_might_and_magic,
          lemuel_tele_altar, nicolae_overflow_hidden_temple,
          lemuel_doored_altar, chequers_serial_rivers_micro_a, nrook_campfire,
          minmay_misc_feat_tiny, guppyfry_early_orc_mine
D:4:      layout_rooms, nicolae_yredelemnul_ghost_church,
          nicolae_ru_awakened_eye, minmay_temple_entry_mist,
          portal_sewer_entry_e, serial_corexii_hall, corexii_hall_statues_t,
          corexii_hall_statues_s, fountainhead, uniq_duvessa, uniq_eustachio

Skill      XL: |  1  2  3  4  5 |
---------------+----------------+-----
Ranged Weapons | 3 4 5 6 |  6.4
Fighting       | 2 4 |  4.2
Armour         | 1 |  1.0
Dodging        | |  2.1
Spellcasting   | |  1.0
Hexes          | |  2.0

Action                     |  1- 3 |  4- 6 || total
---------------------------+-------+-------++-------
   Fire: Sling             |    61 |       ||    61
         Orcbow            |    31 |   126 ||   157
    Use: Scroll            |     5 |     1 ||     6
         Potion            |       |     3 ||     3
 Armour: Robe              |     6 |       ||     6
         Ring mail         |     5 |    28 ||    33
  Dodge: Dodged            |    23 |    43 ||    66

Table legend:
 A = Non-vault XP
 B = Vault XP
 C = Vault XP percentage of total XP
 D = Non-vault monster count
 E = Vault monster count
 F = Vault count percentage of total count
                 A         B        C        D         E       F
            +---------+---------+-------+---------+---------+-------
      Total |     385 |     146 |  27.5 |      58 |      11 |  15.9
            +---------+---------+-------+---------+---------+-------
        D:1 |      23 |       0 |   0.0 |      15 |       0 |   0.0
        D:2 |      43 |      36 |  45.6 |      14 |       1 |   6.7
        D:3 |     144 |      41 |  22.2 |      16 |       9 |  36.0
        D:4 |     175 |      69 |  28.3 |      13 |       1 |   7.1
            +---------+---------+-------+---------+---------+-------
